Match 35304648
Unlisted

Match 35304648
End
Construct Section Command Post
Vickers Machine Gun Team
Infantry Section
Infantry Section
Construct Platoon Command Post
Grenade Package
Construct Field Infirmary
6-pounder Anti-tank Gun Team
6-pounder Anti-tank Gun Team
Selects Air and Sea Battlegroup
Selects Supply Surplus
Construct Resource Cache
Construct Resource Cache
Selects Commando Section Paradrop
Selects M1 Pack Howitzer Paradrop
M1 Pack Howitzer Paradrop
Team Weapon Training
Construct Resource Cache
Construct Field Infirmary
Construct Resource Cache
Construct Company Command Post
Forward Retreat Point
Selects Centaur Medium Tank
Matilda II Heavy Tank
Construct Resource Cache
Unlock M3 Grant Medium Tanks
Foot Guards Section
M3 Grant Medium Tank
M3 Grant Medium Tank
Selects Naval Bombardment
Naval Bombardment
Construct Resource Cache
Armored Vehicle Training
Unlock Towed 17-pounder Anti-tank Guns
17-pounder Anti-tank Gun Team
Construct Resource Cache
Naval Bombardment
Construct Resource Cache
Selects Incendiary Bombing Run
Infantry Section
Construct Resource Cache
Naval Bombardment
M3 Grant Medium Tank
17-pounder Anti-tank Gun Team
Infantry Training
Naval Bombardment
Construct Resource Cache
CMP 15cwt Truck
Juan Fe
El Cacique de la Junta
DirtyReaper
Sander
KuplinoV_Play
Blob team six
Liberator4515
twotwentytwo
0
0

Comments sign in to comment!

No comments posted yet!